 Dungeon Crawl Stone Soup version 0.22-a0-161-g198051c (webtiles) character file.

13376 wolfsongas the Grappler (level 11, -10/122 HPs)
             Began as a Troll Monk on Feb 11, 2018.
             Was a High Priest of Okawaru.
             Mangled by a ten-headed hydra (16 damage)
             ... on level 11 of the Dungeon.
             The game lasted 00:17:37 (8504 turns).

wolfsongas the Grappler (Troll Monk)                Turns: 8504, Time: 00:17:38

Health: -10/122    AC:  9    Str: 21    XL:     11   Next: 74%
Magic:  8/10       EV: 13    Int:  6    God:    Okawaru [*****.]
Gold:   433        SH: 19    Dex: 15    Spells: 10/10 levels left

rFire    x . .     SeeInvis .     - Unarmed
rCold    + . .     Gourm    +   v - +1 large shield
rNeg     . . .     Faith    .   a - +1 robe
rPois    +         Spirit   .   (helmet restricted)
rElec    .         Reflect  .   i - +2 cloak {MR+}
rCorr    .         Harm     .   (gloves unavailable)
MR       +....                  (boots unavailable)
Stlth    +++.......             y - amulet of regeneration
HPRegen  1.10/turn              A - ring of ice
MPRegen  0.12/turn              u - ring of poison resistance

@: heroism, invisible
A: large, unfitting armour, claws 3, hooves 1, horns 1, fast metabolism 3,
gourmand, regeneration 1, robust 1, shaggy fur 1, tough skin 2
a: Heroism, Finesse, Renounce Religion


You were on level 11 of the Dungeon.
You worshipped Okawaru.
Okawaru was extremely pleased with you.
You were completely stuffed.

You visited 1 branch of the dungeon, and saw 11 of its levels.

You collected 575 gold pieces.
You spent 142 gold pieces at shops.

Inventory:

Armour
 a - a +1 robe (worn)
 i - a +2 cloak of magic resistance (worn)
 v - a +1 large shield (worn)
Jewellery
 m - an uncursed ring of fire
 u - a ring of poison resistance (right claw)
 y - an amulet of regeneration (around neck)
 A - a ring of ice (left claw)
Wands
 t - a wand of acid (12)
Scrolls
 d - 3 scrolls of remove curse
 e - 2 scrolls of teleportation
 g - a scroll of identify
 j - a scroll of enchant armour
Potions
 f - 5 potions of haste
 k - 3 potions of flight
 l - a potion of lignification
 n - 4 potions of heal wounds
 p - 4 potions of curing
Comestibles
 b - 13 rations
 c - 19 chunks of flesh


   Skills:
 + Level 8.2(13.2) Fighting
 - Level 2.4(7.4) Dodging
 - Level 1.0(6.0) Stealth
 * Level 6.9(11.9) Shields
 + Level 14.1(19.1) Unarmed Combat


You had 10 spell levels left.
You didn't know any spells.

Dungeon Overview and Level Annotations

Branches:
Dungeon (11/15)            Temple (0/1) D:5            Lair (0/6) D:11
    Orc (0/2) D:10

Altars:
Dithmenos
Fedhas
Gozag
Makhleb
Okawaru
Trog
Uskayaw
Yredelemnul
Beogh

Shops:
D:5 [?!=   D:10 ?%


Innate Abilities, Weirdness & Mutations

You are too large for most types of armour.
You have claws for hands.
Your metabolism is lightning-fast.
You like to eat raw meat.
Your natural rate of healing is unusually fast.
You are covered in fur. (AC +1)
You have very tough skin. (AC +2)
You have large cloven feet.
You have a pair of small horns on your head.
You are robust. (+10% HP)


Message History

* * * LOW HITPOINT WARNING * * *
You block the ten-headed hydra's attack.
The ten-headed hydra completely misses you.
The ten-headed hydra bites you.
* * * LOW HITPOINT WARNING * * *
The ten-headed hydra barely misses you.
A sky beast comes into view.
Okay, then.
You fade into invisibility!
You block the jelly's attack.
You block the centaur warrior zombie's attack.
The yak gores you but does no damage. You block the yak's attack.
The yak gores you.
* * * LOW HITPOINT WARNING * * *
The ten-headed hydra closely misses you.
The ten-headed hydra misses you.
You block the ten-headed hydra's attack.
The ten-headed hydra closely misses you. x2
The ten-headed hydra bites you!
You die...

.......###.... ..#
.....Y......W.#. #.#
............... #.#
.............# #.#
...o.........# #.#
.............# #.#
............# #.#
......J#D...# ####.###
.....OY@ZY..#####.......
......YYY...............
...<.....##....#........
..........#....##.......
........#....(.##.......
..).....................
........................
......#####....##.......
#....##.......


You could see a ten-headed hydra, 4 yaks, a hungry ghost (wandering), an ice
beast, a sky beast (wandering), an ogre, a jelly, an orc and a centaur warrior
zombie.

Vanquished Creatures
  4 two-headed ogres
  The ghost of Calypsia the Geomancer, a novice DDEE of Makhleb (D:6)
  An unseen horror (D:10)
  An elephant (D:11)
  A gargoyle (D:8)
  2 trolls
  The ghost of filfer the Skirmisher, an amateur HuMo (D:3)
  Grinder (D:5)
  A hippogriff (D:11)
  5 yaks
  Eustachio (D:5)
  2 basilisks (D:11)
  7 orc warriors
  3 ice beasts
  6 sky beasts
  2 phantoms
  An eye of draining (D:10)
  5 ogres
  2 necrophages
  A crocodile (D:9)
  4 centaurs
  A big kobold (D:10)
  5 bullfrogs
  3 gnoll sergeants
  3 scorpions
  5 killer bees (D:7)
  18 wights
  5 crimson imps
  11 howler monkeys
  2 jellies
  7 hounds
  9 orc priests
  Crazy Yiuf (D:5)
  16 orc wizards
  A bullfrog skeleton (D:9)
  7 iguanas
  4 worker ants
  2 hound zombies
  A hound skeleton (D:5)
  12 adders
  22 gnolls
  A howler monkey skeleton (D:5)
  2 shadow imps
  An ooze (D:1)
  A worm (D:4)
  4 dart slugs
  4 leopard geckos
  51 orcs
  7 giant cockroaches
  8 goblins
  9 hobgoblins
  15 jackals
  3 quokkas
  3 ball pythons
  10 bats
  4 frilled lizards
  A jackal zombie (D:6)
  15 kobolds
  A leopard gecko zombie (D:5)
  A quokka skeleton (D:4)
  18 rats
346 creatures vanquished.

Vanquished Creatures (others)
  A sky beast (D:11)
  An orc wizard (D:11)
2 creatures vanquished.

Grand Total: 348 creatures vanquished

Notes
Turn   | Place    | Note
-------+----------+-------------------------------------------
     0 | D:1      | wolfsongas the Troll Monk began the quest for the Orb.
     0 | D:1      | Reached XP level 1. HP: 22/22 MP: 0/0
    16 | D:1      | Reached XP level 2. HP: 26/29 MP: 1/1
   231 | D:1      | Reached skill level 4 in Unarmed Combat
   365 | D:1      | Reached XP level 3. HP: 36/36 MP: 2/2
   731 | D:2      | Found a hide-covered altar of Uskayaw.
   835 | D:2      | Reached XP level 4. HP: 37/44 MP: 3/3
   866 | D:2      | Reached skill level 5 in Unarmed Combat
  1003 | D:2      | Found a basalt altar of Yredelemnul.
  1052 | D:2      | Found an opulent altar of Gozag.
  1133 | D:2      | Found an iron altar of Okawaru.
  1220 | D:2      | Became a worshipper of Warmaster Okawaru
  1220 | D:2      | Reached * piety under Okawaru
  1220 | D:2      | Reached ** piety under Okawaru
  1610 | D:3      | Reached XP level 5. HP: 50/50 MP: 4/4
  1623 | D:3      | Noticed filfer's ghost (amateur HuMo)
  1630 | D:3      | Killed filfer's ghost
  1630 | D:3      | Reached skill level 7 in Unarmed Combat
  1630 | D:3      | Reached XP level 6. HP: 41/59 MP: 5/5
  2307 | D:4      | Reached skill level 8 in Unarmed Combat
  2307 | D:4      | Reached XP level 7. HP: 57/66 MP: 6/6
  2477 | D:4      | Found a shadowy altar of Dithmenos.
  2478 | D:4      | Found an opulent altar of Gozag.
  2534 | D:4      | Reached *** piety under Okawaru
  2544 | D:4      | Found a burning altar of Makhleb.
  2590 | D:4      | Reached skill level 9 in Unarmed Combat
  3251 | D:5      | Entered Level 5 of the Dungeon
  3364 | D:5      | Found Ikola's Jewellery Shop.
  3367 | D:5      | Noticed Eustachio
  3378 | D:5      | Killed Eustachio
  3378 | D:5      | Received a gift from Okawaru
  3378 | D:5      | Reached XP level 8. HP: 65/74 MP: 4/7
  3433 | D:5      | Noticed Grinder
  3443 | D:5      | Reached skill level 10 in Unarmed Combat
  3451 | D:5      | Killed Grinder
  3463 | D:5      | Found Fecuefy's Distillery.
  3569 | D:5      | Reached **** piety under Okawaru
  3643 | D:5      | Found Emurr's Antique Armour Shoppe.
  3706 | D:5      | Found a blossoming altar of Fedhas.
  3760 | D:5      | Found a runed door.
  3764 | D:5      | Noticed Crazy Yiuf
  3768 | D:5      | Killed Crazy Yiuf
  3861 | D:5      | Reached skill level 11 in Unarmed Combat
  3952 | D:5      | Found Yseugan's Magic Scroll Shop.
  3958 | D:5      | Bought a scroll of enchant armour for 82 gold pieces
  4157 | D:5      | Found a staircase to the Ecumenical Temple.
  4408 | D:6      | Noticed Calypsia's ghost (novice DDEE)
  4417 | D:6      | Killed Calypsia's ghost
  4417 | D:6      | Reached skill level 12 in Unarmed Combat
  4417 | D:6      | Reached XP level 9. HP: 56/80 MP: 5/8
  4696 | D:6      | Received a gift from Okawaru
  4816 | D:6      | Reached ***** piety under Okawaru
  4816 | D:6      | Reached skill level 1 in Shields
  5272 | D:7      | Received a gift from Okawaru
  5300 | D:7      | Got a dazzling hat {god gift}
  5306 | D:7      | Identified the -7 hat "Lena" {rC++ Dex+5 Stlth-} (Okawaru gifted it to you on level 7 of the Dungeon)
  5349 | D:7      | Reached skill level 13 in Unarmed Combat
  5434 | D:7      | Gained mutation: You have large cloven feet. [potion of mutation]
  5434 | D:7      | Gained mutation: You are robust. (+10% HP) [potion of mutation]
  5434 | D:7      | Gained mutation: You have a pair of small horns on your head. [potion of mutation]
  5524 | D:7      | Reached XP level 10. HP: 93/103 MP: 9/9
  5750 | D:7      | Found a bloodstained altar of Trog.
  6079 | D:8      | Noticed a gargoyle
  6091 | D:8      | Killed a gargoyle
  6091 | D:8      | Reached skill level 5 in Fighting
  7548 | D:10     | Entered Level 10 of the Dungeon
  7548 | D:10     | Noticed a two-headed ogre
  7551 | D:10     | Killed a two-headed ogre
  7553 | D:10     | Noticed a two-headed ogre
  7560 | D:10     | Killed a two-headed ogre
  7560 | D:10     | Reached XP level 11. HP: 119/119 MP: 8/10
  7598 | D:10     | Found Xischic's Magic Scroll Shop.
  7631 | D:10     | Bought a scroll of identify for 30 gold pieces
  7631 | D:10     | Bought a scroll of identify for 30 gold pieces
  7638 | D:10     | Identified the +1 falchion "Loja" {slice, +Rage} (You took it off an orc warrior on level 10 of the Dungeon)
  7696 | D:10     | Reached skill level 5 in Shields
  7699 | D:10     | Received a gift from Okawaru
  8057 | D:10     | Found Jixamos's Food Boutique.
  8122 | D:10     | Killed an unseen horror
  8186 | D:10     | Found a roughly hewn altar of Beogh.
  8186 | D:10     | Found a staircase to the Orcish Mines.
  8404 | D:11     | Found a staircase to the Lair.
  8418 | D:11     | Reached skill level 14 in Unarmed Combat
  8480 | D:11     | Noticed a two-headed ogre
  8487 | D:11     | Noticed a two-headed ogre
  8488 | D:11     | Noticed a seven-headed hydra
  8489 | D:11     | Killed a two-headed ogre
  8498 | D:11     | Killed a two-headed ogre
  8504 | D:11     | HP: 6/122 [yak (6)]
  8504 | D:11     | Mangled by a ten-headed hydra

Vault maps used:
D:1:      erik_arrival_orb_chamber
D:2:      marbit_many_paths, eat_drink_and_be_merry_uskayaw,
          yredelemnul_altar_generic, grunt_gozag_statues
D:3:      minmay_misc_feat_roman, minmay_distorted
D:4:      minmay_door_path, makhleb_heckhound_becter,
          gammafunk_temple_overflow_statue
D:5:      fedhas_altar_4, minmay_temple_entry_enclosed_plants, serial_shops,
          kennysheep_mini, shop, shop_fountains, kennysheep_mini_moat,
          first_ration, cheibrodos_gnoll_hut, uniq_grinder, uniq_eustachio,
          uniq_crazy_yiuf_cottage
D:7:      bloody_trog
D:9:      kennysheep_generic_room_14
D:10:     david_orc_5, serial_shops, shop,
          nicolae_shop_temple_entry_statues_fountains
D:11:     david_lair_generic

Skill      XL: |  1  2  3  4  5  6  7  8  9 10 11 |
---------------+----------------------------------+-----
Unarmed Combat | 4 5 7 8 9 12 13 14 | 14.1
Fighting       | 4 7 8 |  8.2
Shields        | 2 4 6 |  6.9
Dodging        | |  2.4
Stealth        | |  1.0

Action                   |  1- 3 |  4- 6 |  7- 9 | 10-12 || total
-------------------------+-------+-------+-------+-------++-------
Melee: Unarmed           |    98 |   135 |   271 |   363 ||   867
       Punch             |     2 |     4 |     5 |       ||    11
       Kick              |       |       |     2 |   102 ||   104
       Headbutt          |       |       |     1 |    54 ||    55
Invok: Heroism           |       |       |     8 |    17 ||    25
  Use: Potion            |     1 |     1 |     8 |     2 ||    12
       Scroll            |       |     1 |    10 |     8 ||    19
 Stab: Sleeping          |     5 |     4 |     2 |       ||    11
       Distracted        |       |       |     1 |       ||     1
  Eat: Chunk             |    13 |    13 |    30 |    27 ||    83
Armor: Robe              |    35 |    30 |    61 |    78 ||   204
Dodge: Dodged            |    62 |    60 |    78 |    79 ||   279
Block: Large shield      |       |       |    71 |   282 ||   353

Table legend:
 A = Spawn XP
 B = Non-spawn XP
 C = Spawn XP percentage of total XP
 D = Spawn monster count
 E = Non-spawn monster count
 F = Spawn count percentage of total count
 G = Total turns spent on level
                    A         B        C        D         E        F      G
               +---------+---------+-------+---------+---------+-------+---------
         Total |       0 |   19109 |   0.0 |       0 |     348 |   0.0 |  8504
               +---------+---------+-------+---------+---------+-------+---------
           D:1 |       0 |      54 |   0.0 |       0 |      34 |   0.0 |   726
           D:2 |       0 |     137 |   0.0 |       0 |      36 |   0.0 |   831
           D:3 |       0 |     504 |   0.0 |       0 |      22 |   0.0 |   625
           D:4 |       0 |     600 |   0.0 |       0 |      21 |   0.0 |  1069
           D:5 |       0 |    1005 |   0.0 |       0 |      17 |   0.0 |   931
           D:6 |       0 |    1851 |   0.0 |       0 |      28 |   0.0 |  1022
           D:7 |       0 |    1731 |   0.0 |       0 |      38 |   0.0 |   856
           D:8 |       0 |    1728 |   0.0 |       0 |      26 |   0.0 |   508
           D:9 |       0 |    2201 |   0.0 |       0 |      41 |   0.0 |   980
          D:10 |       0 |    5763 |   0.0 |       0 |      66 |   0.0 |   843
          D:11 |       0 |    3535 |   0.0 |       0 |      19 |   0.0 |   113
               +---------+---------+-------+---------+---------+-------+---------
